 Dungeon Crawl Stone Soup version 0.26.0-10-g1f06aea511 (webtiles) character file.

Game seed: 13006208137642597175

5912 Dracia the Blocker (level 10, -1/70 HPs)
             Began as a Demonspawn Fighter on Jan 19, 2021.
             Slain by an orc warrior
             ... wielding a +0 glaive
              (4 damage)
             ... on level 10 of the Dungeon.
             The game lasted 00:17:16 (10663 turns).

Dracia the Blocker (Demonspawn Fighter)            Turns: 10663, Time: 00:17:17

Health: -1/70      AC: 15    Str: 18    XL:     10   Next: 53%
Magic:  19/19      EV: 13    Int: 10    God:
Gold:   39         SH: 12    Dex: 14    Spells: 9/9 levels left

rFire    + . .     SeeInvis .   t - +2 demon whip (drain)
rCold    . . .     Faith    .   c - +1 kite shield
rNeg     . . .     Spirit   .   b - +0 scale mail
rPois    .         Reflect  .   (no helmet)
rElec    .         Harm     .   (no cloak)
rCorr    .         Rampage  .   (no gloves)
Will     .....                  k - +0 pair of boots
Stlth    ..........             K - amulet of magic regeneration
HPRegen  0.21/turn              F - ring of protection from fire
MPRegen  0.41/turn              W - ring of magical power

@: sanguine armour
A: demonic guardian 1, spiny 2, sanguine armour 1
a: no special abilities


You were on level 10 of the Dungeon.
You visited 1 branch of the dungeon, and saw 10 of its levels.
You also visited: Bailey.

You collected 579 gold pieces.
You spent 540 gold pieces at shops.


Innate Abilities, Weirdness & Mutations

A weak demonic guardian rushes to your aid.
You are mostly covered in sharp spines.
When seriously injured, your bleeding wounds create armour. (AC +6)


   Skills:
 - Level 3.0 Fighting
 - Level 1.7 Short Blades
 + Level 3.4 Maces & Flails
 - Level 8.7 Armour
 - Level 8.1 Dodging
 - Level 8.7 Shields


You had 9 spell levels left.
You didn't know any spells.
Your spell library contained the following spells:

 Spells                   Type           Power        Failure   Level
 Corona                   Hex            0%           93%         1
 Magic Dart               Conj           0%           93%         1
 Slow                     Hex            0%           98%         2
 Inner Flame              Hex/Fire       0%           100%        3
 Portal Projectile        Hex/Tloc       0%           100%        3
 Cause Fear               Hex            0%           100%        4
 Leda's Liquefaction      Hex/Erth       0%           100%        4

Inventory:

Hand Weapons
 a - a +0 rapier
 f - a +3 hand axe of flaming
 t - a +2 demon whip of draining (weapon)
Armour
 b - a +0 scale mail (worn)
 c - a +1 kite shield (worn)
 k - a +0 pair of boots (worn)
 x - the +0 scale mail of Couf {rCorr Int+2 Slay-2}
   (You found it on level 6 of the Dungeon)

   It affects your intelligence (+2).
   It affects your accuracy and damage with ranged weapons and melee attacks
   (-2).
   It provides partial protection from all sources of acid and corrosion.
Magical Staves
 C - an uncursed staff of fire {!a!a, unknown}
 H - an uncursed staff of death {!a!a, unknown}
Jewellery
 v - an uncursed ring of see invisible
 A - an uncursed ring of willpower
 D - a +6 ring of dexterity
 F - a ring of protection from fire (left hand)
 K - an amulet of magic regeneration (around neck)
 S - a +6 ring of strength
 W - a ring of magical power (right hand)
Wands
 E - a wand of iceblast (6)
 L - a wand of paralysis (7)
Scrolls
 h - 8 scrolls of teleportation {@r4@r4}
 j - 3 scrolls of fear
 m - 2 scrolls of blinking
 n - 3 scrolls of fog
 s - a scroll of enchant weapon
 y - 2 scrolls of magic mapping
 B - 2 scrolls of enchant armour
 J - a scroll of remove curse {@r2@r2}
 M - a scroll of identify {@r1@r1}
Potions
 d - 4 potions of might
 e - a potion of berserk rage {!q!q}
 g - 2 potions of flight
 i - 2 potions of degeneration
 l - 6 potions of curing {@q1@q1}
 o - a potion of resistance
 p - 3 potions of haste {@q3@q3}
 q - 2 potions of lignification
 r - 2 potions of attraction
 u - 3 potions of invisibility
 w - 2 potions of magic {unknown}
 z - a potion of mutation

Dungeon Overview and Level Annotations

Branches:
Dungeon (10/15)            Temple (0/1) D:5            Lair (0/6) D:9
 Bailey (visited)
    Orc: D:9-12

Altars:
Gozag
Hepliaklqana
Kikubaaqudgha
Okawaru
Ru
Sif Muna
Vehumet
Wu Jian
Xom

Shops:
D:7 * D:10

( ###. #... .
#... .#. . #...
#.. .# . ##..
#.. #.#.. #..
#. .#. ....
##..
###.##..##..#.#
#...
#...#..#)oo..#
#..# #..#..#@#
##.# #.##.55#
##.# ....
###..##)## #...
....
#...#).#.....#
##.# #....
#.#))#####..##
#.. ...
##..#..# #o..
#.# ...
#).##### ..
##.# #..
#.##.####
########## #...
....#....#..##
..##....
#.#####


You could see an orc warrior, an orc (drained), a friendly shadow imp (summoned)
and a friendly ufetubus (summoned).


Message History

An orc comes into view. It is wielding a +0 falchion.
The orc warrior hits you with a +0 long sword.
* * * LOW HITPOINT WARNING * * *
You block the orc warrior's attack.
You hit the orc warrior but do no damage.
The orc warrior is moderately wounded.
You block the orc warrior's attack.
You are too injured to fight recklessly!
You closely miss the orc warrior.
The orc warrior is moderately wounded.
The orc warrior hits you but does no damage.
Unknown command.
You closely miss the orc warrior.
The orc warrior is moderately wounded.
You block the orc warrior's attack. x2
You whack the orc warrior!
The orc warrior is severely wounded.
The orc warrior barely misses you.
You whack the orc warrior!
You kill the orc warrior!
The orc warrior hits you from afar with a +0 glaive!
* * * LOW HITPOINT WARNING * * *
You whack the hobgoblin!
You kill the hobgoblin!
The orc warrior barely misses you.
You hit the orc. You drain the orc.
The orc is heavily wounded.
The orc barely misses you.
The orc warrior hits you from afar with a +0 glaive.
You die...

Skill      XL: |  1  2  3  4  5  6  7  8  9 10 |
---------------+-------------------------------+-----
Shields        | 3 4 5 6 8 |  8.7
Armour         | 3 4 5 6 8 |  8.7
Dodging        | 1 2 3 4 6 7 8 |  8.1
Maces & Flails | 3 |  3.4
Fighting       | |  3.0
Short Blades   | |  1.7

Action                   |  1- 3 |  4- 6 |  7- 9 | 10-12 || total
-------------------------+-------+-------+-------+-------++-------
Melee: Rapier            |   169 |    74 |       |       ||   243
       Hand axe          |       |   150 |   258 |    57 ||   465
       Demon whip        |       |       |       |    36 ||    36
  Use: Scroll            |     5 |     8 |     8 |     3 ||    24
       Potion            |       |       |     2 |       ||     2
 Stab: Distracted        |       |     1 |     6 |     1 ||     8
Armor: Scale mail        |    87 |    82 |    90 |    18 ||   277
Dodge: Dodged            |    53 |    80 |   124 |    49 ||   306
Block: Kite shield       |    91 |   128 |   176 |    65 ||   460

Levels and vault maps discovered:
D:1:      dpeg_arrival_simpleton_c, layout_rooms, minmay_vboxes
D:2:      layout_basic
D:3:      layout_basic
D:4:      wander_river, layout_cave_pools, okawaru_metal_pillars_1_2,
          ebering_ghost_disaster_area
D:5:      layout_basic, temple_green, basic_altar, hangedman_decor_points,
          minmay_misc_feat_room
D:6:      layout_loops_ring, grunt_temple_overflow_magic_moments,
          lemuel_coloured_pillars_altar
D:7:      layout_cave_pods, grunt_temple_overflow_open, serial_shops, shop,
          enter_bailey_8, serial_bayou_pond_d
D:8:      layout_basic, nicolae_gozag_seed_capital
D:9:      layout_cave_pools, erik_lair_orcish_takeover, serial_park,
          serial_park_tiny_pond, serial_park_gazebo
          [serial_park_minivault_5x5_4], uniq_joseph
D:10:     layout_basic, erik_orc_3, serial_shops,
          nicolae_shop_overgrown_old_shop, minmay_diamond_spiral

Notes
Turn   | Place    | Note
-------+----------+-------------------------------------------
     0 | D:1      | Dracia the Demonspawn Fighter began the quest for the Orb.
     0 | D:1      | Reached XP level 1. HP: 18/18 MP: 1/1
    32 | D:1      | Gained mutation: A weak demonic guardian rushes to your
                  | aid. [demonic ancestry]
    32 | D:1      | Reached XP level 2. HP: 13/24 MP: 2/2
    43 | D:1      | Reached skill level 3 in Shields
   199 | D:1      | Reached skill level 3 in Armour
   199 | D:1      | Reached skill level 1 in Dodging
   426 | D:1      | Reached XP level 3. HP: 29/29 MP: 3/3
  1301 | D:2      | Reached XP level 4. HP: 28/35 MP: 4/4
  1784 | D:2      | Reached skill level 2 in Dodging
  2492 | D:3      | Gained mutation: When seriously injured, your bleeding
                  | wounds create armour. (AC +6) [demonic ancestry]
  2492 | D:3      | Reached XP level 5. HP: 41/41 MP: 5/5
  3172 | D:3      | Reached skill level 4 in Shields
  3287 | D:3      | Reached skill level 4 in Armour
  3553 | D:4      | Gained mutation: You are partially covered in sharp spines.
                  | [demonic ancestry]
  3553 | D:4      | Reached XP level 6. HP: 41/47 MP: 6/6
  3557 | D:4      | Reached skill level 3 in Dodging
  3762 | D:4      | Found an iron altar of Okawaru.
  3773 | D:4      | Found a large runed translucent door.
  3773 | D:4      | Found a large runed translucent door.
  3774 | D:4      | Noticed MajorAdolf's ghost (amateur NaWn)
  4013 | D:4      | Killed MajorAdolf's ghost
  4014 | D:4      | Reached XP level 7. HP: 34/52 MP: 7/7
  4147 | D:5      | Entered Level 5 of the Dungeon
  4397 | D:5      | Reached skill level 5 in Armour
  4397 | D:5      | Reached skill level 4 in Dodging
  4397 | D:5      | Reached skill level 5 in Shields
  4420 | D:5      | Found a shimmering altar of Xom.
  4538 | D:5      | Found a staircase to the Ecumenical Temple.
  5248 | D:6      | Reached XP level 8. HP: 38/58 MP: 8/8
  5349 | D:6      | Found an ancient bone altar of Kikubaaqudgha.
  5350 | D:6      | Found a shimmering blue altar of Sif Muna.
  5456 | D:6      | Got a polished scale mail
  5467 | D:6      | Identified the +0 scale mail of Couf {rCorr Int+2 Slay-2}
                  | (You found it on level 6 of the Dungeon)
  5550 | D:6      | Found an ornate altar of the Wu Jian Council.
  5618 | D:6      | Found a radiant altar of Vehumet.
  5622 | D:6      | Identified Vehumet's Collected Works on Attacks
  5820 | D:6      | Reached skill level 5 in Dodging
  6183 | D:6      | Identified a potion of resistance
  6227 | D:7      | Reached skill level 6 in Armour
  6227 | D:7      | Reached skill level 6 in Shields
  6248 | D:7      | Found a flagged portal.
  6368 | D:7      | Found a sacrificial altar of Ru.
  6388 | D:7      | Found a hazy altar of Hepliaklqana.
  6424 | Bailey   | Entered a bailey
  7027 | D:7      | Found Lynk's General Store.
  7611 | D:8      | Reached skill level 6 in Dodging
  7858 | D:8      | Gained mutation: You are mostly covered in sharp spines.
                  | [demonic ancestry]
  7858 | D:8      | Reached XP level 9. HP: 42/63 MP: 9/9
  7963 | D:8      | Found an opulent altar of Gozag.
  8005 | D:8      | Reached skill level 7 in Armour
  8008 | D:8      | Reached skill level 7 in Shields
  8433 | D:9      | Noticed Joseph
  8437 | D:9      | Reached skill level 7 in Dodging
  8756 | D:9      | Killed Joseph
  8953 | D:9      | Reached skill level 8 in Armour
  8953 | D:9      | Reached skill level 8 in Shields
  8956 | D:8      | HP: 3/63 [orc priest/divine providence (9)]
  9254 | D:9      | Reached XP level 10. HP: 39/70 MP: 10/10
  9950 | D:9      | Found a staircase to the Lair.
 10044 | D:10     | Entered Level 10 of the Dungeon
 10085 | D:10     | Noticed an unseen horror
 10095 | D:10     | Killed an unseen horror
 10096 | D:10     | Reached skill level 8 in Dodging
 10588 | D:10     | Found Nah Gubb's Antique Weapon Shop.
 10595 | D:10     | Bought a glowing demon whip for 540 gold pieces
 10620 | D:10     | Reached skill level 1 in Maces & Flails
 10627 | D:10     | Reached skill level 2 in Maces & Flails
 10627 | D:10     | HP: 7/70 [orc warrior/+0 glaive (21)]
 10652 | D:10     | Reached skill level 3 in Maces & Flails
 10661 | D:10     | HP: 3/70 [orc warrior/+0 glaive (9)]
 10663 | D:10     | Slain by an orc warrior

Vanquished Creatures
  A centaur zombie (D:10)
  Joseph (D:9)
  The ghost of MajorAdolf the Caller, an amateur NaWn (D:4)
  5 yaks
  2 wargs
  4 orc warriors
  A phantom (D:7)
  2 sky beasts
  A black bear (D:7)
  3 ogres
  4 centaurs
  A big kobold (D:7)
  2 bullfrogs
  A scorpion (D:8)
  4 killer bees (D:8)
  2 howler monkeys (D:9)
  A quasit (D:6)
  A bullfrog zombie (D:9)
  4 jellies
  A bullfrog skeleton (D:5)
  6 orc priests
  A centaur skeleton (D:8)
  7 hounds
  16 orc wizards
  An iguana (D:5)
  3 worker ants
  A killer bee zombie (D:5)
  12 adders
  A shadow imp (D:9)
  3 white imps
  An ooze (D:1)
  An adder zombie (D:5)
  4 adder skeletons
  7 worms
  5 dart slugs
  4 leopard geckos
  46 orcs
  2 giant cockroaches
  9 goblins
  10 hobgoblins
  16 jackals
  7 quokkas
  A ball python (D:1)
  8 bats
  11 frilled lizards
  9 kobolds
  A leopard gecko skeleton (D:5)
  2 leopard gecko zombies
  10 rats
247 creatures vanquished.

Vanquished Creatures (collateral kills)
  An unseen horror (D:10)
  A hornet (D:10)
  A warg (D:9)
  An ogre (D:9)
  A centaur (D:9)
  A bullfrog (D:7)
  A scorpion (D:4)
  3 orc priests
  2 orc wizards
  A centaur skeleton (D:4)
  A worker ant (D:2)
  An adder (D:7)
  5 orcs
20 creatures vanquished.

Vanquished Creatures (others)
  8 plants
8 creatures vanquished.

Grand Total: 275 creatures vanquished

Table legend: (Time is in decaauts)
 A = Elapsed time spent in this place.
 B = Non-inter-level travel time spent in this place.
 C = Inter-level travel time spent in this place.
 D = Time resting spent in this place.
 E = Time spent auto-exploring this place.
 F = Levels seen in this place.
 G = Mean time per level.
                   A        B        C        D        E       F      G
               +--------+--------+--------+--------+--------+-----+--------+
         Total |  10901 |  10618 |    283 |   1299 |   7598 |  11 |  991.0 |
       Dungeon |  10820 |  10537 |    283 |   1299 |   7525 |  10 | 1082.0 |
        Bailey |     80 |     80 |      0 |      0 |     73 |   1 |   80.0 |
               +--------+--------+--------+--------+--------+-----+--------+

Top non-repeatable levels by time:
     D:8: 1790 daAuts
     D:3: 1479 daAuts
     D:2: 1169 daAuts
     D:7: 1145 daAuts
     D:5: 1052 daAuts
     D:6: 1050 daAuts
     D:1: 917 daAuts
     D:9: 892 daAuts
     D:4: 695 daAuts
    D:10: 627 daAuts
  Bailey: 80 daAuts

Table legend:
 A = Non-vault XP
 B = Vault XP
 C = Vault XP percentage of total XP
 D = Non-vault monster count
 E = Vault monster count
 F = Vault count percentage of total count
                 A         B        C        D         E       F
            +---------+---------+-------+---------+---------+-------
      Total |    6822 |    1625 |  19.2 |     238 |      29 |  10.9
            +---------+---------+-------+---------+---------+-------
        D:1 |      47 |      12 |  20.3 |      27 |       6 |  18.2
        D:2 |      76 |       0 |   0.0 |      19 |       0 |   0.0
        D:3 |     166 |       0 |   0.0 |      36 |       0 |   0.0
        D:4 |     296 |     175 |  37.2 |      29 |       1 |   3.3
        D:5 |     554 |       0 |   0.0 |      19 |       0 |   0.0
        D:6 |     465 |       0 |   0.0 |      18 |       0 |   0.0
        D:7 |     779 |       0 |   0.0 |      28 |       0 |   0.0
        D:8 |     838 |      41 |   4.7 |      16 |       1 |   5.9
        D:9 |    1892 |     853 |  31.1 |      30 |       9 |  23.1
       D:10 |    1709 |     544 |  24.1 |      16 |      12 |  42.9
            +---------+---------+-------+---------+---------+-------
